 Dungeon Crawl Stone Soup version 0.31-a0-455-g1a7b003ef0 (webtiles) character file.

Game seed: 16311777154995907052

60 kae the Changeling (level 3, -2/28 HPs)
             Began as a Draconian Shapeshifter on Aug 3, 2023.
             Killed from afar by Sigmund (6 damage)
             ... with a magic dart
             ... on level 2 of the Dungeon.
             The game lasted 00:00:39 (1523 turns).

kae the Changeling (Draconian Shapeshifter)         Turns: 1523, Time: 00:00:40

Health: -2/28      AC:  5    Str: 17    XL:     3   Next: 80%
Magic:  3/3        EV: 12    Int:  8    God:
Gold:   93         SH:  0    Dex: 13    Spells: 2/2 levels left

rFire   . .          .
                       - Unarmed
rCold   . . .        (no shield)
rNeg    . . .        (body armour unavailable)
rPois   .            (helmet currently unavailable)
rElec   .            (cloak currently unavailable)
rCorr   .            (gloves currently unavailable)
SInv    .            (boots currently unavailable)
Will    .....        (no amulet)
Stlth   +            (no ring)
HPRegen 0.24/turn    (no ring)
MPRegen 0.08/turn

%: no passive effects
@: confused, beast-form
A: beast (slay +2), AC +5, unfitting armour, cold-blooded
a: Begin Untransformation


You were on level 2 of the Dungeon.
You were a hulking beast.
You visited 1 branch of the dungeon, and saw 2 of its levels.

You collected 93 gold pieces.


Innate Abilities, Weirdness & Mutations

You are a hulking beast.
Your limbs bulge with bestial killing power. (Slay +2)
Your plain brown scales are hard. (AC +5)
You cannot fit into any form of body armour.
You are cold-blooded and may be slowed by cold attacks.


   Skills:
 - Level 1.1 Fighting
 - Level 1.7 Dodging
 + Level 3.7 Unarmed Combat
 + Level 3.9 Shapeshifting


You had 2 spell levels left.
You didn't know any spells.
Your spell library contained the following spells:

 Spells                   Type           Power      Damage    Failure   Level
 Lesser Beckoning         Tloc           0%         N/A       54%         2
 Gell's Gravitas          Tloc           0%         N/A       78%         3
 Teleport Other           Tloc           0%         N/A       78%         3

Inventory:

Missiles
 c - 42 stones
 f - 2 boomerangs
 k - 2 throwing nets {=f!f}
Jewellery
 C - a ring of ice
   (You found it on level 1 of the Dungeon)
 F - a ring of protection from fire
   (You found it on level 1 of the Dungeon)
 Z - a ring of wizardry
   (You found it on level 1 of the Dungeon)
Talismans
 b - a beast talisman (active)
Scrolls
 d - 2 scrolls of amnesia {unknown}
 h - a scroll of enchant armour {unknown}
 i - a scroll of immolation {unknown}
 n - a scroll of identify {unknown}
 p - 3 scrolls of enchant weapon {unknown}
Potions
 a - 2 potions of lignification {!q}
 e - a potion of ambrosia {unknown}
 g - a potion of curing {unknown}
 j - a potion of haste {unknown}
 l - a potion of enlightenment {unknown}
 m - a potion of degeneration {unknown}
 o - a potion of attraction {unknown}

Dungeon Overview and Level Annotations

Branches:
Dungeon (2/15) Zot: 10482

Altars:

Annotations:
D:2 Sigmund

# #....<# #.....# ###.### #.#
##+## #.# ##. ##...## ###.# ...
##.....# # ##.#.# ..# ##.......
####....##########...####........
'...............h{......+........
###.....#.########...####...<....
# #.#.#.#.# ..# ##.......
#.###.#.# .## ##.....# #.# #.#.#
.. ##...## #.# #.#.# #.# ##'##
#.# #.#.# #.# #.# #.###.#.# #.
#.# ###.......# #.######.##


There were no monsters in sight!


Message History

You see here a bat corpse.
p - 3 scrolls labelled FAFADI YHAEN You now have 93 gold pieces (gained 9).
Key pressed, stopping explore.
No target in view!
No target in view!
Key pressed, stopping explore.
No target in view!
No target in view!
An adder comes into view.
The adder hisses angrily.
An adder is nearby!
You miss the adder. You tail-slap the adder.
The adder bites you but does no damage. x2
You miss the adder. The adder misses you.
An adder is nearby!
You hit the adder. The adder bites you.
You closely miss the adder. Your punch misses the adder.
The adder bites you but does no damage. 😕 HP[-3]
You take 3 damage, and now have 25/28 hp.
An adder is nearby!
You hit the adder.
You kill the adder!
No target in view! 😕 HP[+1]
You see here an adder corpse.
Found an escape hatch in the ceiling. 😎 HP[+2]
Your hp is fully restored (28).
Key pressed, stopping explore.
No target in view!
No target in view!
Sigmund the Dreaded comes into view.
He is wielding a +0 scythe and carrying a wand of flame.
Sigmund shouts!
Sigmund casts a spell at you. You resist with significant effort.
Sigmund zaps a wand.
The puff of flame hits you! 😮 HP[-9]
You take 9 damage, and now have 19/28 hp.
MASSIVE DAMAGE!! (PAUSE) Sigmund zaps a wand.
The puff of flame misses you.
Unknown command.
Sigmund gestures at you while chanting. You resist with significant effort.
Sigmund mumbles some strange words.
Sigmund flickers and vanishes!
Deactivating autopickup; reactivate with Ctrl-A.
Unknown command.
You hit something. Something hits you.
* * * LOW HITPOINT WARNING * * *
😨 HP[-5]
You take 5 damage, and now have 14/28 hp.
Unknown command.
You barely miss something.
Unknown command.
You hit something. You tail-slap something.
You hear a zap.
A puff of flame appears from out of thin air!
The puff of flame misses you.
You hit something. Something hits you.
* * * LOW HITPOINT WARNING * * *
😨 HP[-3]
You take 3 damage, and now have 11/28 hp.
Unknown command.
You hit something. 😨 HP[+1]
You miss something. You punch something.
You hear a zap.
A puff of flame appears from out of thin air!
The puff of flame misses you.
Unknown command.
You barely miss something.
You hear some strange, mumbled words.
You are confused.
You closely miss something.
You hear some strange, mumbled words.
A magic dart appears from out of thin air!
The magic dart hits you!
* * * LOW HITPOINT WARNING * * *
😱 HP[-7]
You take 7 damage, and now have 5/28 hp.
MASSIVE DAMAGE!! (PAUSE)
You bump into the rock wall.
You hear a zap.
A puff of flame appears from out of thin air!
The puff of flame hits you.
* * * LOW HITPOINT WARNING * * *
😱 HP[-1]
You take 1 damage, and now have 4/28 hp.
You bump into the rock wall.
Something hits you.
* * * LOW HITPOINT WARNING * * *
Unknown command.
You hit something.
You hear some strange, mumbled words.
A magic dart appears from out of thin air!
The magic dart hits you.
You die...

Action                     || total
---------------------------++-------
  Melee: Unarmed           ||   117
         Tailslap          ||    13
         Punch             ||     3
 Armour: Skin              ||    30
  Dodge: Dodged            ||    58

Levels and vault maps discovered:
D:1:      dpeg_arrival_solitude, layout_basic, minmay_vboxes
D:2:      layout_loops_corners, hangedman_abyss_or_decor_lesser_grid,
          hex_medium, uniq_sigmund

Notes
Turn   | Place    | Note
-------+----------+-------------------------------------------
     0 | D:1      | kae the Draconian Shapeshifter began the quest for the Orb.
     0 | D:1      | Reached XP level 1. HP: 16/16 MP: 1/1
     0 | D:1      | magus.rc [v1.11.3]
   123 | D:1      | Reached XP level 2. HP: 23/23 MP: 2/2
   599 | D:1      | Reached XP level 3. HP: 28/28 MP: 3/3
   635 | D:1      | You pick up a book of Displacement and begin reading...
   635 | D:1      | You add the spells Lesser Beckoning, Gell's Gravitas and
                  | Teleport Other to your library.
  1507 | D:2      | Noticed Sigmund
  1520 | D:2      | HP: 5/28 [something/magic dart (7)]
  1523 | D:2      | Killed from afar by Sigmund

Vanquished Creatures
  An adder (D:2)
  3 dart slugs
  4 ball pythons (D:1)
  5 endoplasms
  3 giant cockroaches (D:1)
  3 goblins
  3 hobgoblins
  4 quokkas (D:1)
  5 bats
  2 frilled lizards (D:1)
  4 kobolds
  3 rats
40 creatures vanquished.

Table legend:
 A = Non-vault XP
 B = Vault XP
 C = Vault XP percentage of total XP
 D = Non-vault monster count
 E = Vault monster count
 F = Vault count percentage of total count
                 A         B        C        D         E       F
            +---------+---------+-------+---------+---------+-------
      Total |      76 |      10 |  11.6 |      34 |       6 |  15.0
            +---------+---------+-------+---------+---------+-------
        D:1 |      41 |      10 |  19.6 |      22 |       6 |  21.4
        D:2 |      35 |       0 |   0.0 |      12 |       0 |   0.0
            +---------+---------+-------+---------+---------+-------

Action                     || total
---------------------------++-------
  Melee: Unarmed           ||   117
         Tailslap          ||    13
         Punch             ||     3
 Armour: Skin              ||    30
  Dodge: Dodged            ||    58

Illustrated notes

Table legend:
 A = Kills in this place as a percentage of kills in the entire game.
 B = Kills by you in this place as a percentage of kills by you in the entire game.
 C = Kills by friends in this place as a percentage of kills by friends in the entire game.
 D = Other kills in this place as a percentage of other kills in the entire game.
 E = Experience gained in this place as a percentage of experience gained in the entire game.
 F = Experience gained in this place divided by the number of levels of this place that you have seen.
                   A       B       C       D       E      F
               +-------+-------+-------+-------+-------+----------------------
         Total | 100.0 | 100.0 |   N/A |   N/A | 100.0 |  43.0
       Dungeon | 100.0 | 100.0 |   N/A |   N/A | 100.0 |  43.0
               +-------+-------+-------+-------+-------+----------------------

Table legend: (Time is in decaauts)
 A = Elapsed time spent in this place.
 B = Non-inter-level travel time spent in this place.
 C = Inter-level travel time spent in this place.
 D = Time resting spent in this place.
 E = Time spent auto-exploring this place.
 F = Levels seen in this place.
 G = Mean time per level.
                   A        B        C        D        E       F      G
               +--------+--------+--------+--------+--------+-----+--------+
         Total |   1516 |   1495 |     21 |      0 |   1244 |   2 |  758.0 |
       Dungeon |   1516 |   1495 |     21 |      0 |   1244 |   2 |  758.0 |
               +--------+--------+--------+--------+--------+-----+--------+

Top non-repeatable levels by time:
     D:1: 951 daAuts
     D:2: 564 daAuts
